 Dungeon Crawl Stone Soup version 0.27-a0-1158-gaa87e14f67 (webtiles) character file.

Game seed: 12845316384886153441

77 Delamore the Covered (level 4, -2/25 HPs)
             Began as a Gargoyle Fighter on May 15, 2021.
             Was a Believer of Hepliaklqana.
             Slain by an adder (4 damage)
             ... on level 1 of the Dungeon.
             The game lasted 00:02:09 (1665 turns).

Delamore the Covered (Gargoyle Fighter)             Turns: 1665, Time: 00:02:10

Health: -2/25      AC: 13    Str: 20    XL:     4   Next: 34%
Magic:  4/4        EV:  7    Int:  9    God:    Hepliaklqana [**....]
Gold:   145        SH:  9    Dex:  9    Spells: 3/3 levels left

rFire    . . .     SeeInvis .   a - +0 flail
rCold    . . .     Faith    .   c - +0 kite shield
rNeg     + . .     Spirit   .   b - +0 scale mail
rPois    ∞         Reflect  .   f - +0 helmet
rElec    +         Harm     .   (no cloak)
rCorr    .         Rampage  .   (no gloves)
Will     .....                  e - +0 pair of boots
Stlth    ..........             (no amulet)
HPRegen  0.08/turn              (no ring)
MPRegen  0.09/turn              (no ring)

@: no status effects
A: reduced essence, sickness immunity, AC +3, negative energy resistance 1,
electricity resistance, torment resistance 1, petrification resistance
a: Renounce Religion, Ancestor Life: Knight, Ancestor Life: Battlemage, Ancestor
Life: Hexer, Recall Ancestor, Ancestor Identity


You were on level 1 of the Dungeon.
You worshipped Hepliaklqana.
Hepliaklqana was pleased with you.
You visited 1 branch of the dungeon, and saw 3 of its levels.

You collected 145 gold pieces.

Inventory:

Hand Weapons
 a - a +0 flail (weapon)
Armour
 b - a +0 scale mail (worn)
 c - a +0 kite shield (worn)
 e - a +0 pair of boots (worn)
 f - a +0 helmet (worn)
Scrolls
 g - 2 scrolls of noise
 h - a scroll of brand weapon
 i - 2 scrolls of vulnerability {unknown}
 j - a scroll of blinking {unknown}
 k - a scroll of teleportation {unknown}
 l - a scroll of immolation
 m - a scroll of enchant weapon
Potions
 d - 2 potions of might
 n - a potion of heal wounds {unknown}
 o - a potion of curing {unknown}


   Skills:
 + Level 3.5 Fighting
 + Level 2.8 Maces & Flails
 + Level 4.0 Armour
 + Level 0.7 Dodging
 + Level 3.9 Shields


You had 3 spell levels left.
You didn't know any spells.
Your spell library was empty.

Dungeon Overview and Level Annotations

Branches:
Dungeon (3/15)

Altars:
Hepliaklqana
Wu Jian


Innate Abilities, Weirdness & Mutations

Your life essence is reduced to manifest your ancestor. (-10% HP)
You are immune to sickness and miasma.
Your stone body is resilient. (AC +3)
You are immune to poison.
You resist negative energy. (rN+)
You are resistant to electric shocks. (rElec)
You are resistant to unholy torment.
You are immune to petrification.


Message History

The bat hits Libusa but does no damage.
Libusa hits the bat but does no damage.
The adder barely misses you.
There is a stone staircase leading up here.
The bat hits Libusa but does no damage.
The bat hits Libusa.
You block the gnoll's attack. The gnoll closely misses you.
You block the gnoll's attack.
The bat hits Libusa but does no damage.
The adder bites you.
* * * LOW HITPOINT WARNING * * *
Ancestor HP restored.
Libusa barely misses the bat.
You climb upwards.
There is a stone staircase leading down here.
You swap places.
You block the adder's attack. The gnoll closely misses you.
Libusa barely misses the adder.
The gnoll closely misses Libusa.
Libusa barely misses the adder.
You block the adder's attack.
The gnoll hits Libusa with a +0 flail!
The gnoll hits Libusa with a +0 flail!
Libusa is destroyed!
You block the adder's attack. The adder bites you but does no damage.
You block the adder's attack. The adder barely misses you.
There is a stone staircase leading up here.
You block the adder's attack.
You climb upwards.
There is a stone staircase leading down here.
You barely miss the adder. The adder bites you but does no damage.
You block the adder's attack.
You closely miss the adder. The adder closely misses you.
You block the adder's attack.
You barely miss the adder. The adder bites you but does no damage.
The adder closely misses you.
You closely miss the adder. The adder bites you but does no damage.
You block the adder's attack.
You miss the adder. You block the adder's attack. The adder bites you.
* * * LOW HITPOINT WARNING * * *
You miss the adder. The adder bites you but does no damage.
You block the adder's attack.
You closely miss the adder. The adder bites you.
You die...

.#####.......##.............#
..............'.............#
#...###.....###.............#
................#.#.#########
..............#.#.#.#
#.........###.#.#.#.#
####....#.....#...#.#
####....#.....#####.#
...............S@##.#
#########...#.#..##.#
............#.#...#.#
#####'#####.......#.#
#.........#.#.#...#.#
#.........#.#.....#.#
#..⌠...⌠..#.#.....#.#########
#.........#.#.....#.........#
+....<....+.#.....#########.#


You could see an adder.

Vanquished Creatures
  2 worms (D:2)
  4 dart slugs
  2 endoplasms
  A giant cockroach (D:2)
  3 goblins (D:2)
  3 hobgoblins
  5 jackals
  A quokka (D:1)
  4 ball pythons
  2 bats (D:1)
  A frilled lizard (D:1)
  2 rats (D:1)
30 creatures vanquished.

Vanquished Creatures (collateral kills)
  2 adders (D:2)
  A worm (D:2)
  A jackal (D:2)
  A kobold (D:2)
  A quokka (D:1)
  A ball python (D:2)
  2 bats
  A rat (D:1)
10 creatures vanquished.

Vanquished Creatures (others)
  An ancestor (D:2)
1 creature vanquished.

Grand Total: 41 creatures vanquished

Notes
Turn   | Place    | Note
-------+----------+-------------------------------------------
     0 | D:1      | Delamore the Gargoyle Fighter began the quest for the Orb.
     0 | D:1      | Reached XP level 1. HP: 14/14 MP: 1/1
   350 | D:1      | Reached XP level 2. HP: 19/19 MP: 2/2
   377 | D:1      | Found a faded altar of an unknown god.
   414 | D:1      | Became a worshipper of Hepliaklqana the Forgotten
   414 | D:1      | Reached * piety under Hepliaklqana
  1053 | D:2      | Reached XP level 3. HP: 20/20 MP: 3/3
  1159 | D:2      | Found an ornate altar of the Wu Jian Council.
  1305 | D:2      | Reached XP level 4. HP: 23/25 MP: 4/4
  1343 | D:2      | Reached skill level 4 in Armour
  1415 | D:2      | Reached ** piety under Hepliaklqana
  1640 | D:3      | HP: 1/25 [adder (4)]
  1663 | D:1      | HP: 1/25 [adder (2)]
  1665 | D:1      | Slain by an adder

Illustrated notes

Levels and vault maps discovered:
D:1:      mushboom_english_gardens, layout_basic,
          shapermc_ecumenical_altar_notcrosses
D:2:      layout_basic, basic_altar
D:3:      layout_rooms, grunt_temple_overflow_octagram, nrook_uturn,
          uniq_sigmund

Skill      XL: |  1  2  3  4 |
---------------+-------------+-----
Armour         | 4 |  4.0
Fighting       | |  3.5
Maces & Flails | |  2.8
Dodging        | |  0.7
Shields        | |  3.9

Action                   |  1- 3 |  4- 6 || total
-------------------------+-------+-------++-------
Melee: Flail             |    92 |    44 ||   136
  Use: Scroll            |     5 |       ||     5
Armor: Scale mail        |    63 |    30 ||    93
Dodge: Dodged            |    40 |    19 ||    59
Block: Kite shield       |    47 |    38 ||    85

Table legend: (Time is in decaauts)
 A = Elapsed time spent in this place.
 B = Non-inter-level travel time spent in this place.
 C = Inter-level travel time spent in this place.
 D = Time resting spent in this place.
 E = Time spent auto-exploring this place.
 F = Levels seen in this place.
 G = Mean time per level.
                   A        B        C        D        E       F      G
               +--------+--------+--------+--------+--------+-----+--------+
         Total |   1734 |   1637 |     97 |      0 |   1275 |   3 |  578.0 |
       Dungeon |   1734 |   1637 |     97 |      0 |   1275 |   3 |  578.0 |
               +--------+--------+--------+--------+--------+-----+--------+

Top non-repeatable levels by time:
     D:1: 1088 daAuts
     D:2: 635 daAuts
     D:3: 10 daAuts
